Map: Crimson Research Lab LE

Players

Sindyr - Winner!

  • Race: Zerg Zerg
  • League: Master
  • Spawn Location: 11:00

Ahmatsila - Winner!

  • Race: Protoss Protoss
  • League: Master
  • Spawn Location: 11:00

Tomi

  • Race: Protoss Protoss
  • Spawn Location: 5:00

PlasmaWoman

  • Race: Protoss Protoss
  • League: Gold
  • Spawn Location: 5:00

VOD

Have the link to the VOD?

Description

Time

  • Played on: Oct. 21, 2025, 8:41 a.m.
  • Length: 14:55
Show
View Real Time Build Order
Export as new Build Order

Sindyr Zerg - Winner!

Build Orders: Hatch First 

Get SALT Encoding   

  12  0:06  Drone  
  13  0:13  Overlord  
  13  0:24  Overlord  
  13  0:37  Drone x2  
  13  0:39  Drone  
  16  1:01  Drone  
  16  1:02  Hatchery  
  16  1:10  Drone  
  17  1:12  Drone  
  17  1:15  Extractor  
  17  1:29  Drone  
  18  1:34  Spawning Pool  
  18  1:38  Drone  
  18  1:44  Drone  
  19  1:56  Drone  
  20  2:04  Drone  
  21  2:10  Evolution Chamber  
  20  2:22  Queen x2  
  20  2:24  Drone x2  
  26  2:31  Metabolic Boost  
  26  2:46  Extractor  
  25  2:56  Drone x5  
  25  2:57  Drone  
  31  3:02  Lair  
  31  3:15  Roach Warren, Drone  
  31  3:17  Drone  
  32  3:22  Overlord  
  32  3:30  Zerg Missile Weapons Level 1  
  32  3:36  Queen  
  34  3:45  Drone  
  34  3:46  Drone x2  
  37  3:57  Roach  
  37  3:58  Roach x2  
  37  4:01  Overlord  
  43  4:08  Drone x2, Extractor  
  44  4:25  Drone x4, Spore Crawler  
  44  4:26  Spore Crawler, Glial Reconstitution  
  46  4:48  Drone x4  
  46  4:51  Hatchery  
  49  5:03  Drone x2  
  49  5:04  Drone, Hydralisk Den  
  51  5:08  Overlord  
  51  5:14  Extractor  
  50  5:25  Zerg Missile Weapons Level 2  
  50  5:30  Evolution Chamber  
  49  5:36  Evolution Chamber  
  49  5:37  Drone  
  49  5:38  Drone x2  
  52  5:51  Muscular Augments  
  52  5:55  Drone x8  
  60  6:03  Drone  
  60  6:04  Drone x5  
  66  6:05  Overlord x2  
  66  6:20  Zerg Ground Armor Level 1  
  66  6:23  Queen  
  68  6:26  Infestation Pit  
  67  6:33  Extractor  
  66  6:42  Drone x11  
  77  7:02  Extractor, Overseer  
  76  7:10  Hive  
  76  7:18  Overseer  
  76  7:24  Hatchery  
  76  7:26  Overseer  
  75  8:14  Overlord x2  
  75  8:15  Overlord x4  
  75  8:28  Queen  
  77  8:59  Queen  
  79  9:02  Grooved Spines  
  79  9:06  Hydralisk x13  
  79  9:07  Hydralisk x15  
  135  9:10  Overlord x3  
  135  9:11  Overlord, Hatchery  
  135  9:13  Zerg Ground Armor Level 2, Zerg Missile Weapons Level 3  
  134  10:14  Drone, Hydralisk  
  134  10:15  Hydralisk x10, Roach  
  134  10:16  Roach x4  
  134  10:19  Overseer x5  
  134  10:20  Overlord x3  
  134  10:21  Overlord x3  
  167  10:55  Drone x2  
  169  10:57  Hydralisk  
  169  10:58  Hydralisk x14  
  199  11:31  Extractor  
  199  11:32  Zerg Ground Armor Level 3  
  198  11:50  Zerg Melee Weapons Level 1  
  198  11:54  Queen  
  148  14:08  Hydralisk x7  
  148  14:09  Hydralisk x27  
  172  14:10  Hydralisk x2  
  172  14:11  Hydralisk x2  
Show
View Real Time Build Order
Export as new Build Order

Ahmatsila Protoss - Winner!

Build Orders:  

Get SALT Encoding   

  12  0:14  Probe  
  12  0:15  Pylon  
  13  0:29  Probe  
  14  0:37  Gateway  
  14  0:42  Pylon  
  14  0:53  Probe  
  15  1:01  Probe  
  15  1:10  Probe  
  16  1:13  Forge  
  17  1:23  Probe  
  18  1:27  Cybernetics Core  
  18  1:33  Assimilator  
  18  1:35  Probe  
  19  1:44  Assimilator  
  19  1:47  Probe  
  20  1:55  Photon Cannon  
  20  2:04  Photon Cannon  
  20  2:08  Probe  
  21  2:16  Probe  
  22  2:26  Probe  
  23  2:38  Probe  
  24  3:30  Nexus  
  24  3:32  Assimilator  
  24  3:36  Assimilator  
  24  3:37  Zealot, Protoss Ground Weapons Level 1  
  26  3:51  Gateway  
  26  3:52  Gateway  
  26  3:59  Warp Gate  
  26  4:05  Shield Battery  
  26  4:16  Robotics Facility  
  26  4:25  Probe  
  27  4:34  Nexus  
  27  4:37  Probe  
  28  4:42  Pylon  
  28  4:45  Probe, Pylon  
  29  4:49  Probe  
  29  4:51  Stalker  
  30  4:57  Probe  
  33  5:01  Probe  
  33  5:04  Zealot  
  36  5:09  Probe  
  36  5:13  Probe, Stalker  
  38  5:18  Probe  
  41  5:30  Probe  
  41  5:31  Photon Cannon x2  
  42  5:36  Stalker  
  44  5:43  Probe  
  44  5:44  Observer  
  46  5:52  Pylon  
  46  5:53  Probe  
  46  5:56  Pylon  
  47  6:01  Probe x2, Protoss Air Weapons Level 1  
  47  6:09  Probe x2  
  51  6:19  Probe  
  51  6:21  Probe  
  53  6:28  Stalker, Zealot  
  57  6:33  Probe  
  57  6:37  Assimilator  
  58  6:40  Assimilator  
  58  6:45  Probe  
  59  6:48  Probe  
  60  6:57  Protoss Shields Level 1  
  60  6:58  Probe  
  60  7:00  Probe  
  62  7:05  Stargate x2  
  61  7:09  Observer  
  61  7:10  Probe  
  61  7:12  Probe  
  64  7:17  Stargate  
  64  7:19  Probe  
  64  7:20  Cybernetics Core  
  65  7:24  Probe  
  65  7:28  Probe  
  66  7:36  Probe x2  
  69  7:48  Probe  
  70  7:55  Fleet Beacon  
  70  8:00  Probe  
  83  8:08  Void Ray x2  
  83  8:09  Void Ray  
  83  8:10  Protoss Air Armor Level 1  
  83  8:16  Probe  
  83  8:25  Probe  
  84  8:27  Nexus  
  85  8:34  Probe  
  86  9:06  Probe  
  91  9:15  Void Ray  
  91  9:18  Probe  
  91  9:20  Twilight Council  
  92  9:29  Pylon, Protoss Air Weapons Level 2  
  92  9:31  Pylon  
  92  9:35  Assimilator, Pylon  
  92  9:39  Assimilator  
  92  9:41  Pylon  
  92  9:43  Pylon  
  92  9:44  Void Ray x2  
  100  9:46  Probe, Pylon  
  100  9:49  Pylon  
  101  9:53  Pylon  
  101  9:54  Flux Vanes  
  101  9:55  Pylon  
  101  9:56  Protoss Shields Level 2, Nexus  
  101  9:57  Pylon, Probe  
  102  10:05  Probe  
  106  10:08  Void Ray  
  106  10:13  Probe  
  108  10:24  Probe  
  108  10:27  Void Ray x2  
  116  10:35  Probe  
  103  10:43  Probe  
  104  10:51  Probe  
  104  10:56  Void Ray  
  117  11:01  Protoss Air Armor Level 2  
  117  11:02  Mothership  
  117  11:03  Probe  
  118  11:10  Void Ray x2  
  126  11:14  Stargate  
  126  11:15  Probe, Stargate  
  127  11:18  Stargate  
  127  11:19  Stargate  
  127  11:36  Pylon  
  127  11:37  Pylon  
  127  11:39  Pylon  
  127  11:46  Void Ray  
  131  11:53  Void Ray x2  
  155  12:09  Void Ray x4  
  155  12:23  Nexus  
  167  12:40  Void Ray  
  167  12:41  Void Ray x2  
  183  13:15  Void Ray  
  183  13:16  Void Ray x3  
Show
View Real Time Build Order
Export as new Build Order

Tomi Protoss 

Build Orders: Cannon Rush, Forge Fast Expand (FFE) 

Get SALT Encoding   

  1  0:00  Probe  
  12  0:06  Probe  
  14  0:24  Pylon  
  14  0:29  Pylon  
  14  0:43  Forge  
  14  0:48  Probe  
  15  1:00  Probe  
  16  1:12  Probe  
  16  1:17  Photon Cannon  
  17  1:24  Probe  
  18  1:37  Nexus  
  18  1:49  Photon Cannon  
  18  1:58  Photon Cannon  
  18  2:10  Gateway  
  18  2:11  Probe  
  19  2:19  Probe  
  19  2:24  Pylon  
  19  2:28  Assimilator  
  19  2:29  Probe  
  20  2:31  Assimilator  
  21  2:56  Probe  
  21  3:04  Zealot, Probe  
  24  3:11  Photon Cannon  
  25  3:13  Probe  
  25  3:15  Photon Cannon  
  25  3:18  Cybernetics Core  
  26  3:22  Pylon  
  26  3:27  Pylon  
  26  3:35  Probe  
  27  3:43  Pylon  
  27  3:47  Probe  
  27  3:48  Pylon  
  28  3:54  Gateway  
  28  3:59  Probe  
  29  4:04  Warp Gate  
  29  4:11  Probe  
  29  4:12  Photon Cannon  
  30  4:21  Photon Cannon  
  30  4:23  Probe  
  31  4:28  Photon Cannon  
  31  4:36  Photon Cannon  
  31  4:44  Photon Cannon  
  31  4:48  Assimilator  
  31  4:52  Assimilator, Probe  
  32  4:58  Stalker  
  32  5:02  Stalker  
  36  5:15  Twilight Council  
  36  5:21  Photon Cannon  
  36  5:29  Stargate  
  36  5:36  Stargate  
  36  5:48  Stargate  
  36  5:54  Pylon  
  36  5:59  Protoss Air Weapons Level 1  
  36  6:03  Probe  
  37  6:05  Stalker  
  37  6:11  Stalker  
  41  6:15  Probe  
  42  6:21  Photon Cannon  
  42  6:30  Pylon  
  42  6:40  Photon Cannon  
  42  6:44  Stalker  
  44  6:48  Protoss Ground Armor Level 1  
  44  6:51  Probe  
  44  6:59  Probe  
  45  7:03  Charge  
  46  7:13  Probe  
  46  7:21  Probe  
  47  7:25  Gateway  
  48  7:30  Probe  
  48  7:35  Photon Cannon  
  49  7:43  Probe  
  50  8:02  Stalker  
  50  8:04  Stalker  
  54  8:07  Protoss Air Armor Level 1  
  54  8:25  Gateway  
  54  8:27  Gateway  
  54  8:31  Robotics Facility  
  54  8:35  Shield Battery  
  54  8:39  Photon Cannon  
  54  8:46  Stalker  
  54  8:48  Stalker  
  58  8:49  Photon Cannon  
  58  8:50  Stalker  
  60  9:08  Nexus  
  60  9:12  Pylon  
  60  9:16  Pylon  
  60  9:21  Pylon  
  60  9:27  Stalker  
  60  9:28  Stalker  
  60  9:30  Stalker  
  66  9:33  Stalker  
  68  9:43  Photon Cannon  
  68  9:48  Photon Cannon  
  68  9:57  Photon Cannon  
  68  10:02  Photon Cannon  
  68  10:07  Shield Battery  
  68  10:13  Pylon  
  68  10:21  Photon Cannon  
  68  10:30  Photon Cannon  
  66  10:46  Shield Battery  
  66  10:49  Photon Cannon  
  66  10:54  Pylon  
  66  10:57  Probe  
  66  11:01  Photon Cannon  
  67  11:05  Probe  
  68  11:11  Protoss Shields Level 1  
  68  11:15  Probe  
  69  11:23  Dark Shrine  
  69  11:29  Fleet Beacon  
  69  11:35  Observer  
  70  11:42  Stalker  
  70  11:46  Stalker  
  74  11:49  Stalker  
  74  11:52  Stalker  
  78  11:57  Probe, Stalker  
  81  12:05  Probe  
  82  12:25  Robotics Bay  
  82  12:30  Phoenix  
  82  12:31  Phoenix  
  82  12:33  Phoenix  
  82  12:35  Protoss Air Weapons Level 2  
  88  13:02  Phoenix  
  88  13:03  Phoenix  
  88  13:04  Phoenix  
  94  13:07  Stargate  
  94  13:09  Stargate  
  94  13:12  Stargate  
  94  13:17  Photon Cannon  
  70  13:38  Dark Templar  
  58  13:42  Dark Templar  
  56  13:50  Stalker  
  56  13:51  Stalker  
  56  13:53  Stalker  
  43  14:13  Dark Templar  
  43  14:16  Dark Templar  
Show
View Real Time Build Order
Export as new Build Order

PlasmaWoman Protoss 

Build Orders: Carriers 

Get SALT Encoding   

  1  0:00  Probe  
  12  0:06  Probe  
  14  0:25  Pylon  
  14  0:29  Probe  
  15  0:43  Probe  
  16  0:53  Assimilator  
  16  0:55  Probe  
  17  0:58  Assimilator  
  17  1:07  Probe  
  18  1:11  Pylon  
  18  1:15  Probe  
  18  1:19  Pylon  
  18  1:23  Probe  
  20  1:33  Probe  
  20  1:34  Forge  
  21  1:45  Probe  
  22  1:51  Gateway  
  22  1:57  Probe  
  23  2:03  Pylon  
  23  2:09  Probe  
  23  2:13  Pylon  
  24  2:19  Pylon  
  24  2:22  Probe  
  25  2:30  Photon Cannon  
  25  2:34  Probe  
  26  2:38  Pylon  
  26  2:45  Probe  
  26  2:47  Pylon  
  27  2:53  Probe  
  28  3:01  Probe  
  29  3:09  Cybernetics Core  
  29  3:11  Probe  
  29  3:19  Probe  
  30  3:21  Photon Cannon  
  31  3:27  Probe  
  32  3:44  Nexus  
  32  3:48  Assimilator  
  32  3:53  Assimilator  
  32  3:56  Probe  
  33  4:08  Probe  
  34  4:14  Stargate  
  34  4:16  Probe  
  35  4:24  Probe  
  36  4:35  Probe  
  37  4:40  Stargate  
  37  4:47  Probe  
  38  4:54  Protoss Air Weapons Level 1  
  38  4:56  Pylon  
  38  4:59  Probe  
  39  5:01  Pylon, Probe  
  40  5:11  Probe  
  40  5:13  Probe  
  46  5:19  Probe  
  46  5:20  Void Ray  
  46  5:25  Phoenix  
  46  5:27  Probe  
  49  5:28  Probe  
  51  5:36  Probe  
  51  5:37  Probe  
  53  5:44  Nexus  
  53  5:46  Probe  
  53  5:48  Assimilator  
  54  5:52  Assimilator  
  54  5:58  Probe  
  54  6:04  Probe  
  56  6:07  Phoenix  
  56  6:10  Probe  
  59  6:16  Probe  
  60  6:22  Probe  
  61  6:27  Fleet Beacon  
  61  6:28  Probe  
  61  6:31  Pylon  
  66  6:34  Probe  
  66  6:38  Void Ray  
  66  6:39  Shield Battery, Probe  
  68  6:47  Probe  
  69  6:55  Probe  
  69  7:00  Robotics Facility  
  70  7:02  Protoss Air Armor Level 1  
  70  7:03  Twilight Council  
  70  7:06  Probe  
  70  7:08  Probe, Photon Cannon  
  72  7:18  Probe  
  72  7:20  Probe  
  72  7:21  Flux Vanes  
  74  7:26  Carrier  
  80  7:30  Probe  
  80  7:32  Probe  
  80  7:36  Photon Cannon  
  82  7:43  Probe  
  82  7:44  Probe  
  83  7:45  Photon Cannon  
  84  7:52  Probe  
  84  7:55  Probe  
  86  8:00  Probe  
  87  8:11  Probe  
  88  8:20  Probe  
  88  8:22  Nexus  
  88  8:25  Assimilator  
  89  8:27  Assimilator  
  89  8:29  Pylon  
  89  8:31  Pylon  
  89  8:32  Pylon  
  89  8:35  Pylon  
  89  8:37  Pylon  
  89  8:40  Carrier  
  95  8:44  Pylon  
  95  8:45  Cybernetics Core  
  95  8:49  Stargate  
  95  8:51  Pylon  
  95  8:56  Tempest  
  99  9:12  Stargate  
  99  9:14  Stargate  
  99  9:19  Stargate  
  99  9:27  Photon Cannon  
  99  9:30  Protoss Air Weapons Level 2  
  99  9:33  Photon Cannon  
  99  9:39  Tempest  
  99  9:42  Pylon  
  99  9:44  Stargate, Carrier  
  109  9:46  Probe, Stargate  
  110  9:54  Probe  
  110  9:58  Unknown  
  110  9:59  Probe  
  111  10:00  Protoss Air Armor Level 2  
  111  10:03  Probe  
  113  10:07  Probe  
  113  10:12  Photon Cannon  
  114  10:15  Photon Cannon, Probe  
  114  10:16  Probe  
  116  10:22  Carrier, Pylon  
  116  10:27  Pylon  
  116  10:28  Probe x2  
  124  10:38  Nexus  
  124  10:40  Probe  
  125  10:45  Photon Cannon  
  125  10:47  Photon Cannon  
  125  10:51  Photon Cannon  
  125  10:53  Photon Cannon  
  125  10:55  Assimilator  
  125  10:58  Mothership  
  125  10:59  Assimilator  
  125  11:02  Probe  
  125  11:03  Pylon  
  133  11:04  Pylon  
  133  11:10  Probe  
  134  11:12  Carrier x3  
  153  11:20  Probe x2  
  155  11:28  Probe x2  
  157  11:37  Probe x2  
  157  11:46  Carrier x3, Probe  
  177  11:49  Probe  
  179  11:57  Stalker, Protoss Shields Level 1  
  179  11:58  Probe  
  182  12:13  Probe  
  182  12:19  Tempest x4  
  199  12:24  Probe  
  199  12:25  Anion Pulse-Crystals  
  200  13:07  Pylon  
  200  13:21  Pylon  
  200  13:24  Pylon  
  197  13:36  Pylon  
  173  13:47  Pylon  
  165  13:50  Carrier  
Tags
 
Add a new tag
Caveats
  • Supply blocks, unpowered buildings, or Contaminate may cause inaccurate times.
  • Supply counts are checked every 10 seconds.